Map: Néo-Gettysburg EC

Players

Fubu - Winner!

  • Race: Protoss Protoss
  • League: Platinum
  • Spawn Location: 5:00

zidar

  • Race: Zerg Zerg
  • League: Platinum
  • Spawn Location: 7:00

VOD

Have the link to the VOD?

Description

Time

  • Played on: Nov. 7, 2016, 10:20 a.m.
  • Length: 16:15
Show
View Real Time Build Order
Export as new Build Order

Fubu Protoss - Winner!

Build Orders: Carriers 

Get SALT Encoding   

  12  0:03  Probe (Chrono Boost)  
  13  0:16  Pylon  
  13  0:24  Probe (Chrono Boost)  
  14  0:34  Probe (Chrono Boost)  
  15  0:37  Gateway  
  15  0:45  Probe (Chrono Boost)  
  16  0:55  Forge  
  16  1:05  Pylon  
  16  1:08  Probe (Chrono Boost)  
  17  1:18  Probe (Chrono Boost)  
  18  1:38  Probe (Chrono Boost)  
  18  1:43  Cybernetics Core  
  18  1:48  Photon Cannon  
  18  1:49  Probe (Chrono Boost)  
  19  1:56  Assimilator  
  19  2:02  Assimilator  
  19  2:03  Zealot  
  19  2:07  Probe (Chrono Boost)  
  22  2:15  Pylon  
  22  2:18  Probe (Chrono Boost)  
  23  2:34  Probe (Chrono Boost)  
  24  2:45  Probe (Chrono Boost), Stalker (Chrono Boost)  
  27  3:00  Nexus  
  27  3:04  Probe  
  28  3:13  Stargate  
  28  3:24  Warp Gate  
  28  3:32  Pylon  
  28  3:35  Pylon  
  28  3:54  Gateway  
  28  4:01  Photon Cannon  
  28  4:06  Gateway  
  28  4:12  Pylon  
  28  4:15  Probe  
  28  4:21  Mothership Core  
  31  4:26  Probe  
  31  4:29  Oracle  
  35  4:37  Probe  
  34  5:00  Probe  
  35  5:12  Fleet Beacon  
  35  5:15  Probe  
  36  5:27  Probe  
  33  5:41  Probe  
  30  5:52  Probe, Pylon  
  30  5:56  Probe  
  32  6:02  Probe  
  36  6:33  Probe  
  36  6:35  Stargate  
  36  6:39  Assimilator  
  37  6:41  Assimilator  
  37  6:44  Probe  
  37  6:46  Photon Cannon  
  38  6:47  Carrier (Chrono Boost)  
  38  6:51  Photon Cannon  
  38  6:54  Probe  
  38  6:57  Protoss Air Weapons Level 1  
  39  7:02  Graviton Catapult  
  39  7:07  Nexus  
  39  7:13  Assimilator  
  39  7:15  Assimilator  
  39  7:20  Pylon  
  45  7:26  Probe  
  46  7:30  Probe  
  46  7:36  Probe  
  48  7:45  Probe  
  48  7:47  Probe  
  50  7:53  Carrier (Chrono Boost)  
  50  7:57  Probe  
  57  8:09  Pylon  
  57  8:10  Probe  
  58  8:18  Carrier (Chrono Boost)  
  58  8:21  Probe  
  58  8:23  Probe  
  60  8:31  Pylon  
  60  8:33  Probe, Pylon  
  60  8:36  Pylon  
  61  8:43  Stargate  
  61  8:47  Stargate  
  61  9:09  Probe  
  68  9:19  Probe  
  68  9:24  Carrier (Chrono Boost), Pylon  
  69  9:30  Probe  
  69  9:33  Mothership  
  76  9:40  Probe  
  76  9:41  Pylon  
  77  9:51  Probe  
  78  9:56  Carrier (Chrono Boost)  
  84  10:01  Probe  
  85  10:12  Probe  
  92  10:22  Probe  
  92  10:26  Carrier (Chrono Boost)  
  99  10:31  Pylon  
  99  10:33  Probe  
  100  10:39  Robotics Facility  
  100  10:42  Protoss Air Armor Level 1  
  100  10:43  Carrier (Chrono Boost)  
  100  10:44  Probe  
  101  10:54  Probe  
  108  11:05  Probe, Photon Cannon  
  109  11:14  Photon Cannon  
  109  11:15  Probe  
  110  11:18  Photon Cannon  
  110  11:19  Carrier (Chrono Boost)  
  110  11:26  Probe  
  117  11:40  Observer  
  118  11:47  Pylon  
  118  11:54  Twilight Council  
  118  11:55  Probe  
  119  12:05  Carrier (Chrono Boost)  
  119  12:06  Probe  
  132  12:16  Probe  
  133  12:27  Probe  
  133  12:28  Carrier (Chrono Boost)  
  134  12:30  Pylon  
  134  12:34  Carrier (Chrono Boost)  
  134  12:37  Probe, Pylon  
  134  12:44  Dark Shrine  
  135  12:49  Gateway, Probe  
  142  12:52  Gateway  
  142  13:05  Nexus  
  142  13:17  Stalker  
  142  13:19  Carrier (Chrono Boost)  
  156  13:35  Protoss Air Weapons Level 2  
  156  13:47  Protoss Shields Level 1  
  156  13:48  Carrier (Chrono Boost)  
  156  14:00  Carrier (Chrono Boost)  
  160  14:21  Dark Templar  
  160  14:22  Dark Templar x3  
  168  14:33  Carrier (Chrono Boost)  
Show
View Real Time Build Order
Export as new Build Order

zidar Zerg 

Build Orders: Hatch First 

Get SALT Encoding   

  12  0:01  Drone  
  13  0:13  Overlord  
  13  0:18  Drone  
  14  0:31  Drone x2  
  16  0:51  Hatchery  
  16  0:55  Drone  
  16  0:58  Extractor  
  16  1:00  Drone  
  15  1:45  Spawning Pool  
  14  1:56  Drone  
  14  1:57  Drone  
  16  2:03  Drone  
  17  2:26  Drone x2  
  19  2:32  Queen  
  19  2:35  Queen  
  23  2:43  Drone x2  
  25  2:49  Metabolic Boost  
  25  3:04  Drone x3  
  28  3:12  Baneling Nest  
  27  3:23  Overlord  
  27  3:41  Zergling x12  
  33  4:02  Pneumatized Carapace  
  33  4:11  Drone x3  
  33  4:15  Extractor  
  33  4:16  Lair  
  35  4:19  Overlord x3  
  35  4:41  Zergling x4  
  35  4:42  Zergling x10  
  40  4:59  Baneling x6  
  39  5:10  Drone x4  
  33  5:50  Roach Warren  
  33  5:53  Drone x11  
  33  5:54  Hydralisk Den  
  42  5:58  Extractor  
  42  6:00  Queen  
  42  6:01  Extractor  
  35  6:51  Drone x11  
  35  6:52  Drone  
  47  7:00  Muscular Augments  
  47  7:05  Hatchery  
  46  7:20  Glial Reconstitution  
  46  7:24  Evolution Chamber, Drone  
  46  7:25  Evolution Chamber, Drone x2  
  46  7:26  Drone x3  
  46  7:27  Drone  
  46  7:28  Drone  
  52  7:37  Queen  
  52  7:39  Overseer  
  54  7:46  Hydralisk x2  
  54  7:47  Hydralisk  
  54  7:49  Overlord x2  
  60  7:53  Zerg Missile Weapons Level 1  
  60  8:14  Roach  
  60  8:15  Roach x6  
  60  8:18  Zerg Ground Armor Level 1  
  74  8:21  Lurker Den  
  74  8:45  Drone x8  
  82  8:49  Overlord x4  
  82  9:06  Hydralisk x2  
  82  9:07  Hydralisk x2  
  82  9:08  Hydralisk x2  
  94  9:33  Hydralisk x6  
  106  9:48  Infestation Pit  
  105  10:10  Overlord x2  
  105  10:11  Overlord x3  
  105  10:14  Zerg Missile Weapons Level 2  
  105  10:15  Zerg Ground Armor Level 2  
  105  10:26  Drone  
  105  10:27  Spire  
  105  10:28  Drone  
  106  10:29  Drone  
  106  10:31  Hydralisk x3  
  106  10:32  Hydralisk x9  
  131  10:41  Extractor  
  130  10:42  Extractor  
  129  10:55  Drone x8  
  137  11:00  Pathogen Glands  
  137  11:03  Overseer x2  
  137  11:04  Overseer  
  137  11:20  Drone x4  
  137  11:25  Hive  
  141  11:42  Infestor x2  
  145  12:09  Hatchery, Hydralisk  
  145  12:14  Overlord  
  145  12:15  Overlord x3  
  146  12:16  Overlord  
  146  12:17  Overlord  
  146  12:34  Hydralisk  
  146  12:35  Hydralisk x12  
  172  12:45  Zerg Missile Weapons Level 3  
  172  12:46  Zerg Ground Armor Level 3  
  172  13:04  Viper  
  175  13:22  Overlord x2  
  175  13:23  Overlord  
  175  14:09  Infestor x4  
  181  14:10  Infestor x3  
  181  14:13  Hydralisk x3  
  195  14:47  Extractor x2  
  163  15:18  Lurker x2  
  163  15:19  Ravager x3  
  163  15:20  Ravager x4  
  123  15:28  Hydralisk  
  123  15:29  Hydralisk x5  
Tags
 
Add a new tag
Caveats
  • Supply blocks, unpowered buildings, or Contaminate may cause inaccurate times.
  • Supply counts are checked every 10 seconds.